 Dungeon Crawl Stone Soup version 0.30-a0-879-ga8ba668304 (webtiles) character file.

Game seed: 8122867460731792723

207266 Ge0ff the Impaler (level 18, -1/175 HPs)
             Began as a Naga Hedge Wizard on Mar 13, 2023.
             Was a High Priest of Makhleb.
             Slain by an ironbound frostheart (27 damage)
             ... in an ice cave.
             The game lasted 01:31:17 (41729 turns).

Ge0ff the Impaler (Naga Hedge Wizard)              Turns: 41729, Time: 01:31:17

Health: -1/175     AC: 20    Str: 21    XL:     18   Next: 74%
Magic:  11/29      EV: 15    Int: 23    God:    Makhleb [*****.]
Gold:   4675       SH:  0    Dex:  7    Spells: 12/29 levels left

rFire   . . .      SeeInvis +    w - +7 trident (vamp)
rCold   . . .      Faith    .    (no shield)
rNeg    . . .      Spirit   .    S - +2 scale mail of Bubirgh {Rampage Str+3 Int+7 Dex-5}
rPois   +          Reflect  .    i - +1 hat {Will+}
rElec   .          Rampage  +    x - +2 cloak
rCorr   .                        Q - +2 pair of gloves {infuse}
Will    +++..                    (no barding) Stlth
                                 D - amulet of regeneration
HPRegen 1.29/turn                G - +5 ring of evasion {=R}
MPRegen 0.21/turn                r - +4 ring of slaying

@: mighty, studying 2 skills, invisible, very slow
A: AC +6, large, see invisible, deformed body, poison resistance, slowness 2,
spit poison 1, naga tail 2
}: 1/15 runes: decaying
a: Spit Poison, Renounce Religion, Minor Destruction, Lesser Servant of Makhleb,
Major Destruction, Greater Servant of Makhleb


You were in an ice cave.
You worshipped Makhleb.
Makhleb was extremely pleased with you.
You visited 6 branches of the dungeon, and saw 28 of its levels.
You also visited: Ice Cave.

You collected 5811 gold pieces.
You spent 1136 gold pieces at shops.

Inventory:

Hand Weapons
 a - a +1 bardiche of flaming
 b - the +7 spear of Mana {drain, Fly rPois rF+ Int-2}
   (You found it on level 2 of the Dungeon)

   Int:       It affects your intelligence (-2).
   rF:        It protects you from fire.
   rPois:     It protects you from poison.
   Fly:       It grants you flight.
 h - a +2 trident of venom
 w - a +7 vampiric trident (weapon)
Missiles
 g - 3 throwing nets {=F}
 v - a curare-tipped dart {=F}
Armour
 e - +4 storm dragon scales {Bai Suzhen}
 i - a +1 hat of willpower (worn)
 x - a +2 cloak (worn)
 O - a +0 plate armour of positive energy
 Q - a +2 pair of gloves of infusion (worn)
 S - the +2 scale mail of Bubirgh (worn) {Rampage Str+3 Int+7 Dex-5}
   (You bought it in a shop on level 2 of the Orcish Mines)

   Str:       It affects your strength (+3).
   Int:       It affects your intelligence (+7).
   Dex:       It affects your dexterity (-5).
   Rampage:   It bestows one free step when moving towards enemies.
Jewellery
 r - a +4 ring of slaying (right hand)
 D - an amulet of regeneration (around neck)
 G - a +5 ring of evasion (left hand) {=R}
 U - an amulet of reflection
 Y - the ring of the Dozen Defenders {rPois rN+ Will+ Int+2 Dex+3}
   (You bought it in a shop on level 2 of the Orcish Mines)

   [ring of positive energy]

   Int:       It affects your intelligence (+2).
   Dex:       It affects your dexterity (+3).
   rPois:     It protects you from poison.
   rN:        It protects you from negative energy.
   Will:      It increases your willpower.
Wands
 d - a wand of digging (4)
 f - a wand of flame (14)
 j - a wand of acid (3)
 k - a wand of iceblast (23)
 p - a wand of paralysis (23)
 s - a wand of mindburst (34)
 P - a wand of polymorph (13)
Scrolls
 m - 9 scrolls of magic mapping
 y - 3 scrolls of immolation
 B - a scroll of blinking
 C - 3 scrolls of poison
 E - a scroll of fear
 F - 8 scrolls of butterflies
 J - 2 scrolls of silence {!r}
 T - 8 scrolls of teleportation
 V - 3 scrolls of vulnerability
 X - 4 scrolls of fog
Potions
 o - 16 potions of ambrosia
 q - 10 potions of curing
 u - 5 potions of mutation {!q}
 z - 3 potions of brilliance
 A - 7 potions of attraction
 H - 5 potions of haste {!q}
 I - 3 potions of invisibility
 K - 4 potions of magic {!q}
 L - 7 potions of lignification
 M - a potion of might
 N - 2 potions of cancellation {!q}
 R - a potion of resistance
 W - 5 potions of heal wounds {!q}
 Z - 2 potions of berserk rage {!q}
Miscellaneous
 l - a lightning rod (4/4)
 n - a phial of floods
 t - a tin of tremorstones (2/2)


   Skills:
 - Level 14.0 Fighting
 * Level 17.6 Polearms
 - Level 6.0 Throwing
 - Level 7.5 Armour
 + Level 10.4 Dodging
 - Level 3.0 Stealth
 - Level 6.2 Spellcasting
 - Level 5.0 Conjurations
 - Level 2.0 Summonings
 + Level 12.8 Translocations
 - Level 3.0 Air Magic
 - Level 5.0 Poison Magic
 + Level 14.8 Invocations
 - Level 9.0 Evocations


You had 12 spell levels left.
You knew the following spells:

 Your Spells              Type           Power      Damage    Failure   Level
f - Mephitic Cloud        Conj/Pois/Air  27%        N/A       11%         3
g - Apportation           Tloc           100%       N/A       1%          1
k - Magic Dart            Conj           100%       1d8       2%          1
p - Passage of Golubria   Tloc           60%        N/A       1%          4
s - Call Imp              Summ           16%        N/A       14%         2
B - Blink                 Tloc           100%       N/A       1%          2
C - Manifold Assault      Tloc           60%        N/A       1%          4

Your spell library contained the following spells:

 Spells                   Type           Power      Damage    Failure   Level
 Lesser Beckoning         Tloc           100%       N/A       1%          2
 Momentum Strike          Conj/Tloc      96%        3d10      1%          2
 Vhi's Electric Charge    Tloc/Air       86%        N/A       2%          3
 Searing Ray              Conj           60%        2d6       4%          2
 Iskenderun's Mystic Bla  Conj/Tloc      48%        2d11      4%          4
 Kiss of Death            Conj/Necr      72%        2d10      8%          1
 Summon Small Mammal      Summ           64%        N/A       9%          1
 Cigotuvi's Dreadful Rot  Necr/Pois/Air  38%        N/A       11%         2
 Dispersal                Tloc           30%        N/A       16%         6
 Necrotise                Necr           28%        1d5       21%         1
 Slow                     Hex            28%        N/A       21%         1
 Dazzling Flash           Conj/Hex       36%        N/A       22%         3
 Summon Forest            Summ/Tloc      20%        N/A       26%         5
 Ignite Poison            Fire/Tmut/Pois 14%        N/A       30%         3
 Confusing Touch          Hex            7%         N/A       52%         3
 Ozocubu's Armour         Ice            7%         N/A       52%         3
 Vampiric Draining        Necr           7%         2d6       52%         3
 Airstrike                Air            10%        2d(2-18)  52%         4
 Fulminant Prism          Conj/Hex       9%         3d7       58%         4
 Summon Lightning Spire   Summ/Air       18%        N/A       58%         4
 Lightning Bolt           Conj/Air       12%        1d26      73%         5
 Animate Armour           Summ/Erth      22%        N/A       80%         4
 Animate Dead             Necr           7%         N/A       90%         4
 Dispel Undead            Necr           7%         3d8       90%         4
 Silence                  Hex/Air        7%         N/A       97%         5
 Blade Hands              Tmut           3%         N/A       99%         5
 Borgnjor's Vile Clutch   Necr/Erth      3%         N/A       99%         5
 Death Channel            Necr           3%         N/A       100%        6
 Eringya's Noxious Bog    Tmut/Pois      9%         N/A       100%        6
 Iron Shot                Conj/Erth      9%         9d3       100%        6
 Starburst                Conj/Fire      9%         6d5       100%        6
 Ozocubu's Refrigeration  Ice            3%         4d8       100%        7
 Storm Form               Tmut/Air       7%         N/A       100%        7
 Disjunction              Tloc           30%        N/A       100%        8
 Lehudib's Crystal Spear  Conj/Erth      9%         10d4      100%        8
 Chain Lightning          Conj/Air       12%        3d16      100%        9


Dungeon Overview and Level Annotations

Branches:
Dungeon (15/15) Zot: 25240  Temple (1/1) D:4 Zot: 5887    Lair (5/5) D:10 Zot: 19041
  Swamp (4/4) Lair:3 Zot: 15865  Spider (1/4) Lair:3 Zot: 5933   Slime (0/5) Lair:4
    Orc (2/2) D:11 Zot: 9669     Elf (0/3) Orc:2        Vaults (0/5) D:14
 Depths (0/4) D:15          IceCv (1/1) Zot: 5812

Altars:
Ashenzari
Cheibriados
Dithmenos
Elyvilon
Fedhas
Gozag
Hepliaklqana
Kikubaaqudgha
Makhleb
Nemelex Xobeh
Okawaru
Qazlal
Ru
Sif Muna
Trog
Uskayaw
Vehumet
Wu Jian
Xom
Yredelemnul
Zin
The Shining One
Jiyva

Shops:
D:8 *   D:12 =   D:15 :=   Orc:2 (=[*

Annotations:
D:1 amulet near exit!
Spider:1 Agnes


Innate Abilities, Weirdness & Mutations

Your serpentine skin is tough. (AC +6)
You have supernaturally acute eyesight. (SInv)
Armour fits poorly on your strangely shaped body.
Your system is resistant to poisons. (rPois)
You cover ground very slowly.
You can spit poison.
You can use your snake-like lower body to constrict enemies.


Message History

You constrict the white ugly thing.
The white ugly thing closely misses you.
The rime drake breathes ice at the ice dragon.
The icy flash freeze hits the ice dragon!!
The ice dragon partially resists.
The ice dragon is flash-frozen.
You impale the white ugly thing!!
You feel better.
You kill the white ugly thing!
Makhleb accepts your kill.
You hear a shout!
You impale the polar bear!!
You feel better.
You kill the polar bear!
Makhleb accepts your kill.
You feel better.
You closely miss the ice dragon.
The ice dragon is almost dead.
The ice dragon is no longer encased in ice.
The red ugly thing engulfs you but does no damage.
The ice dragon misses you. x2; The ice dragon completely misses you.
You hit the ice dragon. Your punch misses the ice dragon.
The ice dragon is almost dead.
You impale the ironbound frostheart!!
You feel better.
Your grab misses the ironbound frostheart.
The ironbound frostheart is moderately wounded.
The red ugly thing engulfs you but does no damage.
The ice dragon breathes frost at you. The blast of cold hits you!!!
You barely miss the ironbound frostheart.
You grab the ironbound frostheart.
The ironbound frostheart is moderately wounded.
You constrict the ironbound frostheart. The ironbound frostheart touches you!
The ironbound frostheart freezes you!!
You hit the ice dragon but do no damage.
The ice dragon is almost dead.
You constrict the ironbound frostheart. The ice dragon bites you.
The ice dragon claws you. The ice dragon completely misses you.
You puncture the ice dragon!
You kill the ice dragon!
Makhleb accepts your kill.
You feel better.
You constrict the ironbound frostheart. The ironbound frostheart touches you!
The ironbound frostheart freezes you!!
* * * LOW HITPOINT WARNING * * *
You hit the ironbound frostheart.
You feel better.
The ironbound frostheart is heavily wounded.
You constrict the ironbound frostheart. The rime drake breathes ice at you.
The icy flash freeze hits the red ugly thing!
The red ugly thing is flash-frozen.
The ironbound frostheart touches you!
* * * LOW HITPOINT WARNING * * *
The ironbound frostheart freezes you!!
You die...

#.# #.#
##.##
##...##
##..∩..##
#.......#
#...∩...#
##.....##
##.@.##
##.up#
#.k.##
#...##
##...##
##k..#
##.k#
..## u.##


You could see a red ugly thing (wandering, unable to see you, frozen), an
ironbound frostheart and 2 rime drakes.

Vanquished Creatures
  3 sphinxes (D:14)
  2 tengu reavers
  An orc warlord (Orc:2)
  The ghost of Anor the Fighter, a journeyman GrEE of Vehumet (Lair:5)
  10 eleionomae
  Azrael (Orc:2)
  A bunyip (Swamp:1)
  A crystal guardian (D:14)
  An ettin (Orc:1)
  A yaktaur captain (D:15)
  2 fire dragons (D:15)
  2 shambling mangroves (Swamp:4)
  Erolcha (D:11)
  A rakshasa (D:15)
  5 vault guards (D:14)
  28 hydras
  3 ogre magi
  An ice dragon (IceCv)
  2 ghost crabs
  2 catoblepae
  6 centaur warriors
  A spriggan air mage (Swamp:1)
  12 alligators
  10 two-headed ogres
  2 tengu warriors (D:14)
  3 death yaks (Lair:3)
  5 boulder beetles
  A boulder beetle (shapeshifter) (D:14)
  A deep troll earth mage (D:14)
  6 orc high priests
  2 spriggan berserkers (Swamp:4)
  9 spriggans
  3 skysharks
  A shadow wraith (D:14)
  A pharaoh ant (Spider:1)
  A goliath frog (Swamp:2)
  A deep elf archer (D:14)
  3 spriggan druids
  22 swamp dragons
  A glowing orange brain (D:14)
  A flayed ghost (D:14)
  An orb spider (Lair:3)
  5 bog bodies
  A steelbarb worm (Spider:1)
  4 lindwurms (Lair:4)
  3 orc knights (Orc:2)
  2 wizards
  A death drake (Swamp:4)
  5 deep elf pyromancers
  12 ugly things
  10 cyclopes
  3 orc sorcerers (Orc:2)
  2 wolf spiders
  6 manticores
  A will-o-the-wisp (Swamp:4)
  14 elephants
  A guardian serpent (Lair:5)
  2 torpor snails
  4 black mambas (Lair:5)
  14 cane toads
  A demonic crawler (Spider:1)
  A torpor snail (shapeshifter) (D:9)
  2 gargoyles
  2 unseen horrors
  4 kobold demonologists
  A yaktaur (D:14)
  2 tengu conjurers (D:14)
  2 rime drakes (IceCv)
  7 komodo dragons
  13 polar bears
  3 meliai (D:14)
  A polar bear (shapeshifter) (D:13)
  3 trolls
  3 bloated husks
  A hornet (shapeshifter) (D:13)
  12 tyrant leeches
  A queen bee (Lair:1)
  2 raiju (Lair:5)
  2 tarantellas (Spider:1)
  18 dream sheep
  14 hornets
  26 blink frogs
  13 slime creatures
  A culicivora (Spider:1)
  A jumping spider (Spider:1)
  A water elemental (D:11)
  A shadow (D:9)
  6 basilisks
  3 wraiths
  15 wyverns
  A human (shapeshifter) (D:13)
  61 yaks
  3 fire elementals
  5 steam dragons
  10 redbacks
  9 vampire mosquitoes
  7 wargs
  17 swamp worms
  27 water moccasins
  5 acid dragons
  16 hell hounds
  8 swamp drakes
  40 orc warriors
  2 ice beasts
  A sky beast (D:7)
  14 black bears
  5 ogres
  3 boggarts (D:14)
  26 wolves
  9 centaurs
  The ghost of oneeeeegina the Magician, an amateur DjFE (D:3)
  A phantom (D:7)
  2 kobold brigands (D:9)
  16 bullfrogs
  A gnoll sergeant (D:9)
  3 scorpions
  8 wights
  30 killer bees
  12 electric eels
  2 howler monkeys
  4 vampire bats (Lair:5)
  20 orc priests
  2 jellies
  A gnoll bouda (D:10)
  3 iguanas
  Natasha (thrice) (D:4)
  26 orc wizards
  8 gnolls
  9 adders
  2 shadow imps
  An ufetubus (D:5)
  2 worms
  A dart slug (D:2)
  69 orcs
  8 endoplasms
  4 giant cockroaches
  5 goblins
  8 hobgoblins
  5 jackals
  4 quokkas
  8 ball pythons
  14 bats
  8 frilled lizards
  8 kobolds
  6 rats
988 creatures vanquished.

Vanquished Creatures (collateral kills)
  Bai Suzhen (Swamp:4)
  The ghost of gyole the Warrior, an adept DjTm of the Shining One (Swamp:3)
  A sphinx (D:15)
  A tengu reaver (D:15)
  The ghost of
  112233 the Sorcerer, an adept DESu of Sif Muna (Swamp:3)
  A stone giant (D:15)
  A bunyip (Swamp:4)
  Snorg (D:14)
  A yaktaur captain (D:15)
  A swamp dragon (Swamp:4)
  4 ugly things (D:14)
  A cyclops (D:15)
  A manticore (D:15)
  An elephant (Lair:5)
  2 black mambas (Lair:5)
  3 cane toads (Lair:5)
  A troll (D:10)
  A meliai (D:15)
  A hornet (D:10)
  2 slime creatures
  3 wyverns (Lair:5)
  A yak (Lair:5)
  A hell hound (Lair:5)
  2 water moccasins (Lair:5)
  A black bear (Lair:5)
  A bullfrog (Lair:4)
  A howler monkey (D:10)
  An adder (D:2)
  2 orcs (Orc:2)
40 creatures vanquished.

Vanquished Creatures (others)
  A swamp dragon (Swamp:3)
  A bloated husk (Swamp:3)
  An orc wizard (D:9)
  A bush (Lair:5)
  45 fungi
  104 plants
  6 withered plants (Swamp:3)
159 creatures vanquished.

Grand Total: 1187 creatures vanquished

Notes
Turn   | Place    | Note
-------+----------+-------------------------------------------
     0 | D:1      | Ge0ff the Naga Hedge Wizard began the quest for the Orb.
     0 | D:1      | Reached XP level 1. HP: 15/15 MP: 4/4
   276 | D:1      | Reached XP level 2. HP: 22/22 MP: 3/6
   279 | D:1      | Learned a level 2 spell: Call Imp
   818 | D:1      | Reached XP level 3. HP: 27/28 MP: 2/7
   822 | D:1      | Learned a level 3 spell: Mephitic Cloud
  1939 | D:2      | Found a white marble altar of Elyvilon.
  2131 | D:2      | Reached skill level 1 in Poison Magic
  2131 | D:2      | Reached XP level 4. HP: 17/36 MP: 1/8
  2394 | D:2      | Reached skill level 1 in Air Magic
  2463 | D:2      | Identified the +7 spear of Mana {drain, Fly rPois rF+
                  | Int-2}
  2742 | D:3      | Found a runed translucent door.
  2742 | D:3      | Noticed oneeeeegina's ghost (amateur DjFE)
  3114 | D:3      | Noticed a scorpion
  3128 | D:3      | Killed a scorpion
  3129 | D:3      | Reached XP level 5. HP: 42/42 MP: 6/9
  3143 | D:3      | Found a stormy altar of Qazlal.
  3631 | D:3      | Found a faded altar of an unknown god.
  3636 | D:3      | Prayed at the altar of an unknown god.
  3636 | D:3      | Became a worshipper of Makhleb the Destroyer
  3636 | D:3      | Reached * piety under Makhleb
  4119 | D:4      | Found a staircase to the Ecumenical Temple.
  4128 | Temple   | Entered the Ecumenical Temple
  4221 | D:4      | Reached skill level 1 in Polearms
  4221 | D:4      | Reached XP level 6. HP: 50/50 MP: 10/10
  4614 | D:4      | Reached skill level 1 in Fighting
  5128 | D:4      | Reached skill level 2 in Polearms
  5236 | D:4      | Noticed Natasha
  5241 | D:4      | Killed Natasha
  5461 | D:4      | Found a staircase to the Ecumenical Temple.
  5535 | D:4      | Noticed Natasha
  5540 | D:4      | Killed Natasha
  5775 | D:4      | Noticed Natasha
  5782 | D:4      | Killed Natasha
  5783 | D:4      | Reached XP level 7. HP: 49/58 MP: 11/11
  5824 | D:5      | Entered Level 5 of the Dungeon
  5937 | D:5      | Found a snail-covered altar of Cheibriados.
  5940 | D:5      | Reached skill level 3 in Polearms
  5944 | D:5      | Found a blossoming altar of Fedhas.
  5944 | D:5      | Found a hazy altar of Hepliaklqana.
  6116 | D:5      | Reached skill level 4 in Polearms
  6391 | D:5      | Reached ** piety under Makhleb
  6392 | D:5      | Reached skill level 5 in Polearms
  6500 | D:5      | Found a glowing silver altar of Zin.
  6503 | D:5      | Found an iron altar of Okawaru.
  6598 | D:6      | Reached XP level 8. HP: 69/69 MP: 12/12
  6801 | D:6      | Reached skill level 6 in Polearms
  6804 | D:6      | Reached skill level 1 in Armour
  7263 | D:7      | Reached skill level 7 in Polearms
  7361 | D:7      | Identified the +7 mace of Beogh's Supremacy {heavy, *Noise
                  | Fly Will+++ rCorr}
  7403 | D:7      | Reached skill level 1 in Evocations
  7883 | D:7      | Reached skill level 1 in Invocations
  7916 | D:7      | Reached XP level 9. HP: 75/75 MP: 13/13
  8137 | D:7      | Reached skill level 8 in Polearms
  8439 | D:8      | Found a white marble altar of Elyvilon.
  8478 | D:8      | Reached skill level 9 in Polearms
  8955 | D:8      | Found Goysie's Serpentskin Sales.
  9058 | D:8      | Found Goysie's Serpentskin Sales.
  9242 | D:8      | Found a white marble altar of Elyvilon.
  9537 | D:3      | Killed oneeeeegina's ghost
  9652 | D:9      | Reached XP level 10. HP: 66/84 MP: 14/14
  9739 | D:9      | Noticed a two-headed ogre
  9751 | D:9      | Noticed a kobold demonologist
  9757 | D:9      | Reached *** piety under Makhleb
  9856 | D:9      | Noticed a two-headed ogre
  9867 | D:9      | Killed a two-headed ogre
  9868 | D:9      | Reached skill level 10 in Polearms
  9868 | D:9      | Reached skill level 5 in Invocations
  9868 | D:9      | Reached skill level 5 in Evocations
  9875 | D:9      | Noticed a manticore
  9881 | D:9      | Killed a manticore
  9882 | D:9      | Reached skill level 11 in Polearms
  9925 | D:9      | Noticed a cyclops
  9983 | D:9      | Killed a cyclops
  9987 | D:9      | Reached skill level 12 in Polearms
 10003 | D:9      | Noticed a deep troll
 10028 | D:9      | Noticed a torpor snail
 10037 | D:9      | Killed a torpor snail
 10071 | D:9      | Noticed a centaur warrior
 10138 | D:9      | Noticed a kobold demonologist
 10145 | D:9      | Noticed a smoke demon
 10150 | D:9      | Killed a kobold demonologist
 10151 | D:9      | Reached skill level 5 in Fighting
 10151 | D:9      | Reached XP level 11. HP: 39/96 MP: 15/15
 10640 | D:9      | Noticed a manticore
 10656 | D:9      | Killed a manticore
 10666 | D:9      | Found a hide-covered altar of Uskayaw.
 10675 | D:9      | Identified the +1 long sword "Itymmet" {venom, rN+}
 10675 | D:9      | Noticed a deep elf pyromancer
 10993 | D:9      | Killed a deep elf pyromancer
 11205 | D:9      | Killed a centaur warrior
 11318 | D:9      | Noticed a two-headed ogre
 11328 | D:9      | Killed a two-headed ogre
 11568 | D:9      | Reached **** piety under Makhleb
 11822 | D:9      | Noticed a brown ugly thing
 11834 | D:9      | Killed a brown ugly thing
 12240 | D:9      | Killed a two-headed ogre
 12456 | D:9      | Reached skill level 5 in Poison Magic
 12456 | D:9      | Reached XP level 12. HP: 109/109 MP: 17/17
 12473 | D:9      | Found a hide-covered altar of Uskayaw.
 12521 | D:9      | Reached skill level 5 in Conjurations
 12805 | D:10     | Entered Level 10 of the Dungeon
 13390 | D:10     | Found a staircase to the Lair.
 13848 | D:11     | Noticed a boulder beetle
 13861 | D:11     | Killed a boulder beetle
 13978 | D:11     | Reached skill level 13 in Polearms
 13978 | D:11     | Reached skill level 5 in Armour
 14245 | D:11     | Noticed a boulder beetle
 14261 | D:11     | Killed a boulder beetle
 14290 | D:11     | Noticed a two-headed ogre
 14300 | D:11     | Killed a two-headed ogre
 14335 | D:11     | Found a staircase to the Orcish Mines.
 14655 | D:11     | Noticed Erolcha
 14662 | D:11     | Killed Erolcha
 15478 | D:12     | Gained mutation: You can use your snake-like lower body to
                  | constrict enemies. [Naga growth]
 15478 | D:12     | Reached XP level 13. HP: 121/121 MP: 18/18
 15482 | D:12     | Found Asken's Jewellery Boutique.
 15569 | D:12     | Reached skill level 14 in Polearms
 15595 | D:12     | Reached skill level 10 in Fighting
 16093 | Lair:1   | Entered Level 1 of the Lair of Beasts
 16120 | Lair:1   | Reached skill level 1 in Throwing
 16803 | Lair:1   | Identified the +12 short sword of the Crypt {flame, *Slow
                  | rN+ Str+5 Int+3}
 16835 | Lair:1   | Reached ***** piety under Makhleb
 18479 | Lair:2   | Found a snail-covered altar of Cheibriados.
 19857 | Lair:3   | Reached XP level 14. HP: 97/133 MP: 20/20
 20014 | Lair:3   | Found a staircase to the Swamp.
 20231 | Lair:3   | Found a hole to the Spider Nest.
 21317 | Lair:4   | Reached ****** piety under Makhleb
 21775 | Lair:4   | Found a shimmering altar of Xom.
 22269 | Lair:4   | Found a staircase to the Slime Pits.
 22283 | Lair:4   | Found a viscous altar of Jiyva.
 23022 | Lair:5   | Entered Level 5 of the Lair of Beasts
 23186 | Lair:5   | Found a runed translucent gate.
 23186 | Lair:5   | Found a runed translucent gate.
 23188 | Lair:5   | Found a runed translucent gate.
 23189 | Lair:5   | Noticed Anor's ghost (journeyman GrEE)
 23371 | Lair:5   | Reached skill level 5 in Dodging
 23440 | Lair:5   | Reached skill level 5 in Throwing
 23613 | Lair:5   | Found a hide-covered altar of Uskayaw.
 23658 | Lair:5   | Reached XP level 15. HP: 142/142 MP: 0/22
 23857 | Lair:5   | Reached skill level 10 in Invocations
 24281 | Lair:5   | Identified a scroll of acquirement
 25674 | Lair:5   | Killed Anor's ghost
 25947 | Orc:1    | Entered Level 1 of the Orcish Mines
 26079 | Orc:2    | Entered Level 2 of the Orcish Mines
 26314 | Orc:2    | Noticed Azrael
 26531 | Orc:2    | Killed Azrael
 26866 | Orc:2    | Found a staircase to the Elven Halls.
 26959 | Orc:2    | Reached skill level 15 in Polearms
 27010 | Orc:2    | Noticed an orc warlord
 27025 | Orc:2    | Killed an orc warlord
 27298 | Orc:2    | Found Ninai's General Store.
 27298 | Orc:2    | Found Wabitwo's Antique Armour Shop.
 27298 | Orc:2    | Found Ukocek's Jewellery Shop.
 27298 | Orc:2    | Found Deck's Antique Weapon Boutique.
 27408 | Orc:2    | Bought a scroll of fog for 44 gold pieces
 27420 | Orc:2    | Bought a faintly glowing scale mail for 288 gold pieces
 27420 | Orc:2    | Identified the +2 scale mail of Bubirgh {Rampage Str+3
                  | Int+7 Dex-5} (You bought it in a shop on level 2 of the
                  | Orcish Mines)
 27449 | Orc:2    | Bought the ring of the Dozen Defenders {rPois rN+ Will+
                  | Int+2 Dex+3} for 804 gold pieces
 28081 | D:13     | Reached XP level 16. HP: 154/154 MP: 16/25
 28298 | D:13     | Paralysed by a hornet for 2 turns
 28415 | D:13     | Noticed a tengu reaver
 28427 | D:13     | Killed a tengu reaver
 29360 | D:14     | Noticed a sphinx
 29380 | D:14     | Acquired 1015 gold pieces
 29381 | D:14     | Acquired 636 gold pieces
 29382 | D:14     | Acquired a manual of Translocations
 29388 | D:14     | Learned a level 2 spell: Blink
 29390 | D:14     | Learned a level 1 spell: Apportation
 29395 | D:14     | Learned a level 4 spell: Manifold Assault
 29400 | D:14     | Learned a level 4 spell: Passage of Golubria
 29815 | D:14     | Acquired a manual of Dodging
 29832 | D:14     | Noticed Snorg
 29893 | D:14     | Killed Snorg
 29902 | D:14     | Identified the +0 robe "Rochob" {Rampage +Inv Archmagi}
 30523 | D:14     | Noticed a tengu reaver
 30544 | D:14     | Killed a tengu reaver
 30839 | D:14     | Found a gate to the Vaults.
 30903 | D:14     | Reached skill level 5 in Translocations
 31132 | D:14     | Noticed a sphinx
 31147 | D:14     | Noticed a sphinx
 31158 | D:14     | Killed a sphinx
 32099 | D:14     | Killed a sphinx
 32124 | D:14     | Got the Almanac of Air
 32358 | D:14     | Killed a sphinx
 32546 | D:15     | Entered Level 15 of the Dungeon
 32715 | D:15     | Reached XP level 17. HP: 164/164 MP: 23/27
 33245 | D:15     | Found Ixuohole's Book Boutique.
 33306 | D:15     | Reached skill level 16 in Polearms
 33572 | D:15     | Found a staircase to the Depths.
 33619 | D:15     | Found a runed translucent door.
 33620 | D:15     | Noticed a sphinx
 33631 | D:15     | Reached skill level 5 in Spellcasting
 33659 | D:15     | Noticed an Executioner
 33729 | D:15     | Killed a sphinx
 33937 | D:15     | Found Wonnar's Jewellery Emporium.
 34137 | Swamp:1  | Entered Level 1 of the Swamp
 34774 | Swamp:1  | Reached skill level 10 in Translocations
 37386 | Swamp:3  | Found a runed translucent gate.
 37386 | Swamp:3  | Found a runed translucent gate.
 37386 | Swamp:3  | Found a runed translucent gate.
 37386 | Swamp:3  | Noticed gyole's ghost (adept DjTm)
 37387 | Swamp:3  | Noticed 112233's ghost (adept DESu)
 37439 | Swamp:3  | Reached XP level 18. HP: 150/174 MP: 1/28
 37965 | Swamp:3  | Killed 112233's ghost
 37967 | Swamp:3  | Killed gyole's ghost
 38003 | Swamp:3  | Got Sif Muna's Volume of Bringing Forth and Corruption
 38074 | Swamp:4  | Entered Level 4 of the Swamp
 38728 | Swamp:4  | Noticed Bai Suzhen
 39379 | Swamp:4  | Reached skill level 17 in Polearms
 39428 | Swamp:4  | Paralysed by a hornet for 2 turns
 39743 | Swamp:4  | Reached skill level 10 in Dodging
 40322 | Swamp:4  | Got a decaying rune of Zot
 40981 | Swamp:4  | Killed Bai Suzhen
 41446 | Spider:1 | Entered Level 1 of the Spider Nest
 41530 | Spider:1 | Noticed Agnes
 41536 | Spider:1 | Found a frozen archway.
 41540 | IceCv    | Entered an ice cave
 41729 | IceCv    | Slain by an ironbound frostheart

Illustrated notes

Levels and vault maps discovered:
D:1:      onia_arrival_pentagram, layout_basic, nicolae_kite_square_tiling_tiny,
          minmay_pentomino_t2
D:2:      layout_basic, basic_altar, minmay_randomly_rotated_circles
D:3:      minmay_spotlight, layout_loops_cross, nicolae_overflow_crystal_walls,
          hellmonk_ghost_happy_afterlife, ebering_ecumenical_altar_hall,
          roderic_serpentine_path, minmay_fractal_squares_diagonal_5
D:4:      layout_gridville, minmay_temple_entry_poolview,
          nicolae_concentric_dashed_squares_wild, uniq_natasha
D:5:      layout_basic, minmay_overflow_temple_star_hex, lemuel_flame_loot_1
D:6:      layout_rooms, dreamdust_mushroom_princess
D:7:      layout_basic
D:8:      layout_rooms, overflow_temple_1_default, guppyfry_shop_venom
D:9:      minmay_the_grid_3x3 [minmay_the_grid_diamond_grid,
          minmay_the_grid_rooms, minmay_the_grid_large_cup,
          minmay_the_grid_outer_circle, minmay_the_grid_minigrid_small,
          minmay_the_grid_tree, minmay_the_grid_broken_lines,
          minmay_the_grid_garden, minmay_the_grid_prize_big_room],
          layout_gridville, nicolae_uskayaw_murder_on_the_dancefloor
D:10:     layout_small_grid, david_lair_generic
D:11:     layout_basic, orc_0_dummy, kennysheep_boxes, uniq_erolcha
D:12:     layout_basic, minmay_door_square, minmay_shop_enchanted_jewellery
D:13:     evilmike_horseshoe, layout_rooms
D:14:     layout_loops_cross, grunt_vaults_entry_fortified,
          nicolae_rejected_hall, uniq_snorg
D:15:     grunt_enter_depths_hoard, layout_gridville, serial_park_tiny_pond,
          serial_shops, nicolae_shop_behind_doors, shop, hangedman_decor_lopped,
          minivault_13
Temple:   nicolae_temple_great_sept
Lair:1:   layout_roguey [special_room_bee], minmay_hedge_maze
Lair:2:   layout_loops_ring, kennysheep_snail_temple, grunt_megastairs_4
Lair:3:   layout_chaotic_city, nicolae_swamp_entry_splash_gauntlet,
          nicolae_spider_entry_orb_guardian, chequers_serial_rivers_large_b,
          serial_bayou_ford_a
Lair:4:   layout_cellular_growth, slime_entry_1, basic_altar,
          minmay_lindwurm_lava
Lair:5:   hangedman_lair_tendril_chambers, layout_hall_layers,
          hangedman_lair_caniforms_friends, gammafunk_ghost_split, basic_altar,
          small_statue_intersection, roderic_batcave
Swamp:1:  layout_basic_swamp, evilmike_swamp_ruin_rubble_1,
          infiniplex_staircase_pool
Swamp:2:  layout_basic_swamp, evilmike_swamp_ruin_house_3, swamp_pool5
Swamp:3:  layout_basic_swamp, gammafunk_ghost_cemetery,
          nicolae_swamp_very_dense_foliage, swamp_pool4, st_swamp_ruins_3
Swamp:4:  swamp_basic_johnstein, layout_basic_swamp, swamp_pool1,
          uniq_bai_suzhen
Spider:1: layout_spider_delve, ebering_ghost_inner_flame,
          portal_ice_cave_entry_pillars_four, drop_trap, uniq_agnes, uniq_louise
Orc:1:    layout_caves, nicolae_orc_flooded_monolith
Orc:2:    st_orc_congregation, layout_diamond_mine, basic_altar, uniq_azrael
IceCv:    ice_cave_small_giant

Skill      XL: |  1  2  3  4  5  6  7  8  9 10 11 12 13 14 15 16 17 18 |
---------------+-------------------------------------------------------+-----
Conjurations   | 2 3 4 5 |  5.0
Summonings     | 2 |  2.0
Poison Magic   | 1 2 3 5 |  5.0
Air Magic      | 1 2 3 |  3.0
Polearms       | 1 2 5 7 9 12 13 14 15 16 17 | 17.6
Fighting       | 1 3 5 7 9 10 11 12 13 14 | 14.0
Armour         | 1 2 3 5 6 7 |  7.5
Dodging        | 2 3 5 7 9 10 | 10.4
Evocations     | 2 4 5 6 7 8 9 |  9.0
Invocations    | 1 4 5 7 8 9 12 13 14 | 14.8
Throwing       | 3 5 6 |  6.0
Translocations | 8 11 12 | 12.8
Spellcasting   | 4 6 |  6.2
Stealth        | |  3.0

Action                     |  1- 3 |  4- 6 |  7- 9 | 10-12 | 13-15 | 16-18 || total
---------------------------+-------+-------+-------+-------+-------+-------++-------
  Melee: Dagger            |    41 |       |       |       |       |       ||    41
         Short sword       |       |    10 |       |       |       |       ||    10
         Spear             |       |    42 |   258 |   615 |  1324 |   672 ||  2911
         Punch             |       |       |     3 |     7 |    21 |    11 ||    42
         Trident           |       |       |       |    41 |    94 |    46 ||   181
         Constrict         |       |       |       |       |   244 |   124 ||   368
         Bardiche          |       |       |       |       |       |   522 ||   522
  Throw: Dart              |       |       |       |     3 |    50 |       ||    53
         Boomerang         |       |       |       |       |   172 |   122 ||   294
   Cast: Magic Dart        |    86 |    69 |       |       |       |       ||   155
         Call Imp          |     4 |       |       |       |       |       ||     4
         Manifold Assault  |       |       |       |       |       |   141 ||   141
 Invoke: Lesser Servant of |       |       |       |     2 |     9 |     8 ||    19
         Minor Destruction |       |       |       |     1 |       |       ||     1
         Greater Servant o |       |       |       |       |     1 |    13 ||    14
Ability: Spit Poison       |    10 |    12 |     5 |     6 |     4 |       ||    37
  Evoke: Wand              |       |       |     3 |    14 |     2 |     6 ||    25
         Lightning rod     |       |       |       |     3 |     4 |     6 ||    13
         Tin of tremorston |       |       |       |       |     5 |     6 ||    11
         Phial of floods   |       |       |       |       |       |     1 ||     1
    Use: Scroll            |     2 |     5 |    10 |    17 |    14 |    17 ||    65
         Potion            |       |       |       |     6 |     1 |    11 ||    18
   Stab: Sleeping          |     2 |     3 |     1 |       |       |       ||     6
         Paralysed         |       |       |     3 |       |     6 |       ||     9
         Distracted        |       |       |       |     1 |     3 |     4 ||     8
         Petrifying        |       |       |       |       |       |     1 ||     1
         Petrified         |       |       |       |       |       |     1 ||     1
 Armour: Robe              |     9 |     3 |       |       |       |       ||    12
         Scale mail        |       |       |    62 |   109 |   319 |   425 ||   915
  Dodge: Dodged            |    50 |    22 |   103 |   192 |   480 |   499 ||  1346
  Block: Other             |       |       |    50 |    70 |   170 |    39 ||   329
         Reflection        |       |       |     1 |     7 |     6 |     8 ||    22

Table legend: (Time is in decaauts)
 A = Elapsed time spent in this place.
 B = Non-inter-level travel time spent in this place.
 C = Inter-level travel time spent in this place.
 D = Time resting spent in this place.
 E = Time spent auto-exploring this place.
 F = Levels seen in this place.
 G = Mean time per level.
                   A        B        C        D        E       F      G
               +--------+--------+--------+--------+--------+-----+--------+
         Total |  48806 |  45376 |   3430 |   2546 |  35224 |  29 | 1683.0 |
       Dungeon |  27017 |  24704 |   2313 |   1491 |  19187 |  15 | 1801.1 |
        Temple |    112 |     95 |     17 |      0 |     81 |   1 |  112.0 |
          Lair |  10958 |  10244 |    714 |     37 |   8379 |   5 | 2191.6 |
         Swamp |   8134 |   7825 |    309 |    850 |   5807 |   4 | 2033.5 |
   Spider Nest |     66 |     66 |      0 |      0 |      0 |   1 |   66.0 |
  Orcish Mines |   2330 |   2255 |     75 |     42 |   1751 |   2 | 1165.0 |
      Ice Cave |    187 |    187 |      0 |    125 |     18 |   1 |  187.0 |
               +--------+--------+--------+--------+--------+-----+--------+

Top non-repeatable levels by time:
 Swamp:4: 3435 daAuts
     D:9: 3122 daAuts
    D:14: 3005 daAuts
  Lair:5: 2952 daAuts
  Lair:3: 2330 daAuts
     D:4: 2245 daAuts
  Lair:4: 2088 daAuts
     D:8: 1977 daAuts
  Lair:2: 1971 daAuts
     D:1: 1907 daAuts
     D:7: 1860 daAuts
 Swamp:3: 1800 daAuts
     D:3: 1752 daAuts
 Swamp:1: 1729 daAuts
    D:15: 1675 daAuts
